 Dungeon Crawl Stone Soup version 0.31.0-11-ge490571c62 (webtiles) character file.

Game seed: 1277399432919759188

410 Gadfly the Insei (level 6, -3/64 (70) HPs)
             Began as a Demonspawn Monk on Feb 5, 2024.
             Slain by a wight
             ... wielding a +0 battleaxe
              (5 damage)
             ... in an ossuary.
             The game lasted 00:05:51 (2966 turns).

Gadfly the Insei (Demonspawn Monk)                  Turns: 2966, Time: 00:05:52

HP:   -3/64 (70)    AC: 23    Str: 17    XL:     6   Next: 58%
MP:   0/6           EV:  2    Int: 15    God:
Gold: 244           SH:  0    Dex: 16    Spells: 5/5 levels left

rFire   . . .        b - +3 dagger of Fimbulwinter {chaos, rC- Str+4 Int+5}
rCold   x . .        c - orb {light}
rNeg    . . .        a - melded +0 robe
rPois   +            (helmet currently unavailable)
rElec   .            j - melded scarf {repulsion}
rCorr   .            (gloves currently unavailable)
SInv    .            e - melded +0 pair of boots
Will    .....        (no amulet)
Stlth   +            (no ring)
HPRegen 0.30/turn    (no ring)
MPRegen 0.20/turn

%: guardian spirit
@: tree-form, glowing, drained
A: stationary, stasis, torment immunity, boosted hp, magic shield, magic
regeneration, (demonic touch 1)
a: no special abilities


You were in an ossuary.
You were a tree.
You visited 1 branch of the dungeon, and saw 4 of its levels.
You also visited: Ossuary.

You collected 244 gold pieces.

Inventory:

Hand Weapons
 b - the +3 dagger of Fimbulwinter (weapon) {chaos, rC- Str+4 Int+5}
   (You found it on level 3 of the Dungeon)

   Str+4:     It affects your strength (+4).
   Int+5:     It affects your intelligence (+5).
   rC-:       It makes you vulnerable to cold.
 i - a +0 short sword of protection
 o - a +1 antimagic scythe
Armour
 a - a +0 robe (melded)
 c - an orb of light (worn)
 e - a +0 pair of boots (melded)
 j - a scarf of repulsion (melded)
Scrolls
 k - 3 scrolls of identify
Potions
 d - 3 potions of might
 h - a potion of magic {unknown}
 l - a potion of mutation {unknown}
 m - a potion of ambrosia


   Skills:
 - Level 3.0 Fighting
 + Level 3.5 Dodging
 * Level 4.3 Unarmed Combat
 * Level 3.3 Evocations
 * Level 2.7 Shapeshifting


You had 5 spell levels left.
You didn't know any spells.
Your spell library contained the following spells:

 Spells                   Type           Power      Damage    Failure   Level
 Magic Dart               Conj           0%         1d3       26%         1
 Lesser Beckoning         Tloc           0%         N/A       38%         2
 Searing Ray              Conj           0%         2d4       38%         2
 Gell's Gravitas          Tloc           0%         N/A       63%         3
 Teleport Other           Tloc           0%         N/A       63%         3
 Fulminant Prism          Conj/Alch      0%         3d5       95%         4


Dungeon Overview and Level Annotations

Branches:
Dungeon (4/15)            Ossuary (1/1)
 Temple: D:4-7

Altars:
Fedhas
Makhleb
Okawaru
Sif Muna
Trog
Vehumet

Shops:
D:1 [


Innate Abilities, Weirdness & Mutations

You are a tree.
Your roots penetrate the ground, keeping you stationary.
You cannot be teleported.
You are immune to unholy pain and torment.
Your maximum health is greatly increased.
Your equipment is partially melded.
When hurt, damage is shared between your health and your magic reserves.
You regenerate magic rapidly.
((Your touch may inflict minor irresistible damage on your foes.))


Message History

The wight is heavily damaged.
The wight completely misses you.
You barely miss the wight.
The wight is heavily damaged.
The wight hits you but does no damage. x2
You hit the wight but do no damage.
The wight is heavily damaged.
The wight barely misses you.
You hit the wight.
The wight suddenly stops moving!
The wight is severely damaged.
The wight is no longer paralysed.
The wight hits you with a +0 battleaxe. The wight hits you with a +0 battleaxe!
* * * LOW HITPOINT WARNING * * *
You hit the wight but do no damage.
The wight is severely damaged.
The wight hits you with a +0 battleaxe.
* * * LOW HITPOINT WARNING * * *
You feel drained.
* * * LOW HITPOINT WARNING * * *
You hit the wight.
The wight convulses.
The wight is almost destroyed.
The wight hits you but does no damage. x2
You hit the wight but do no damage.
The wight looks weaker.
The wight is almost destroyed.
The wight hits you with a +0 battleaxe.
* * * LOW HITPOINT WARNING * * *
You hit the wight but do no damage.
The wight is almost destroyed.
The wight hits you but does no damage. The wight hits you with a +0 battleaxe!
* * * LOW HITPOINT WARNING * * *
You feel drained.
* * * LOW HITPOINT WARNING * * *
Unknown command.
You barely miss the wight.
The wight is almost destroyed.
The wight hits you but does no damage.
You barely miss the wight.
The wight is almost destroyed.
The wight hits you with a +0 battleaxe.
You die...

###################
...................
∩..................
......#####'#####..
.....##.........##
....##...#####...##
...##...##..p##...##
...#...##.?!!.##♣z.#
...#.. #.!??.?.)...#
...#. ##.!!!.##...#
...## .##...##...##
....## ..##### ..##
.....##.. ..##
......###########.
∩.................
..................


You could see a wight (fast, strong, weak).

Vanquished Creatures
  Sigmund (D:3)
  A burial acolyte (Ossuary)
  A wight (Ossuary)
  A mummy (Ossuary)
  4 gnolls (D:3)
  2 adders (D:2)
  A dart slug (D:4)
  4 orcs (D:3)
  6 ball pythons
  4 bats
  8 endoplasms
  6 giant cockroaches
  5 hobgoblins
  4 jackals (D:1)
  3 quokkas
  A frilled lizard (D:2)
  6 gnoll skeletons (Ossuary)
  6 goblins
  4 kobolds
  4 kobold skeletons (Ossuary)
  4 orc skeletons (Ossuary)
  3 rats
79 creatures vanquished.

Notes
Turn   | Place    | Note
-------+----------+-------------------------------------------
     0 | D:1      | Gadfly the Demonspawn Monk began the quest for the Orb.
     0 | D:1      | Reached XP level 1. HP: 18/18 MP: 1/1
   203 | D:1      | Found Iffir's Antique Armour Shop.
   264 | D:1      | Gained mutation: Your touch may inflict minor irresistible
                  | damage on your foes. [demonic ancestry]
   264 | D:1      | Reached XP level 2. HP: 24/24 MP: 2/2
   471 | D:1      | Reached skill level 3 in Unarmed Combat
   818 | D:2      | Reached skill level 1 in Evocations
   864 | D:2      | Reached skill level 1 in Shapeshifting
   883 | D:2      | Reached XP level 3. HP: 29/29 MP: 3/3
  1621 | D:3      | Reached XP level 4. HP: 34/35 MP: 4/4
  1734 | D:3      | Identified the +3 dagger of Fimbulwinter {chaos, rC- Str+4
                  | Int+5}
  1750 | D:3      | Found a burning altar of Makhleb.
  1751 | D:3      | Found a blossoming altar of Fedhas.
  1751 | D:3      | Found a radiant altar of Vehumet.
  1755 | D:3      | Found an iron altar of Okawaru.
  1755 | D:3      | Found a shimmering blue altar of Sif Muna.
  1757 | D:3      | Found a bloodstained altar of Trog.
  1774 | D:3      | Noticed Sigmund
  2404 | D:3      | Killed Sigmund
  2405 | D:3      | Reached skill level 4 in Unarmed Combat
  2405 | D:3      | Gained mutation: You regenerate magic rapidly. [demonic
                  | ancestry]
  2405 | D:3      | Reached XP level 5. HP: 32/41 MP: 0/5
  2405 | D:3      | Gained mutation: When hurt, damage is shared between your
                  | health and your magic reserves. [demonic ancestry]
  2405 | D:3      | Reached XP level 6. HP: 36/47 MP: 0/6
  2773 | D:4      | Found a sand-covered staircase.
  2790 | Ossuary  | Entered an ossuary
  2964 | Ossuary  | HP: 3/66 [wight/+0 battleaxe (6)]
  2964 | Ossuary  | HP: 1/64 [wight/+0 battleaxe (2)]
  2966 | Ossuary  | Slain by a wight

Illustrated notes

Levels and vault maps discovered:
D:1:      erik_arrival_orb_chamber, layout_loops_cross, serial_shops, shop
D:2:      layout_loops_ring, chequers_serial_rivers_micro_a, glass_columns_b
D:3:      layout_rooms, grunt_temple_overflow_open, grunt_ministairs_7,
          minmay_ruptured, uniq_sigmund
D:4:      gammafunk_cloud_chamber, layout_cave_pools,
          dreamdust_divine_triumvirate, nicolae_ossuary_entry_false_entrances,
          serial_shops, nicolae_shop_hallway_plus, chequers_avenue,
          nicolae_figureground_sparkle
Ossuary:  ossuary_due_mausoleum

Skill      XL: |  1  2  3  4  5  6 |
---------------+-------------------+-----
Unarmed Combat | 3 4 |  4.3
Evocations     | 1 2 3 |  3.3
Shapeshifting  | 1 2 |  2.7
Dodging        | 3 |  3.5
Fighting       | |  3.0

Action                     |  1- 3 |  4- 6 || total
---------------------------+-------+-------++-------
  Melee: Unarmed           |   108 |     9 ||   117
         Touch             |    16 |     8 ||    24
         Punch             |     2 |       ||     2
         Dagger            |       |   105 ||   105
    Use: Scroll            |     2 |     4 ||     6
         Potion            |     2 |     2 ||     4
   Stab: Sleeping          |     3 |       ||     3
         Petrified         |       |     5 ||     5
         Confused          |       |     1 ||     1
 Armour: Robe              |    43 |    48 ||    91
         Skin              |       |    22 ||    22
  Dodge: Dodged            |    57 |    70 ||   127
         Repelled          |       |     1 ||     1
